 Dungeon Crawl Stone Soup version 0.31-a0-818-ge7c7cf74f0 (webtiles) character file.

Game seed: 6198061175957360902

85 Danienth the Sneak (level 4, -1/24 HPs)
             Began as a Kobold Enchanter on Sept 22, 2023.
             Succumbed to a goblin's poison
             ... on level 3 of the Dungeon.
             The game lasted 00:06:34 (1891 turns).

Danienth the Sneak (Kobold Enchanter)               Turns: 1891, Time: 00:06:37

Health: -1/24      AC:  2    Str:  7    XL:     4   Next: 75%
Magic:  7/7        EV: 15    Int: 16    God:
Gold:   42         SH:  0    Dex: 15    Spells: 7/7 levels left

rFire   . . .        a - +1 dagger
rCold   . . .        (no shield)
rNeg    . . .        b - +0 robe
rPois   .            (no helmet)
rElec   .            (no cloak)
rCorr   .            (no gloves)
SInv    .            (no boots)
Will    .....        (no amulet)
Stlth   +++++        (no ring)
HPRegen 0.24/turn    (no ring)
MPRegen 0.10/turn

%: no passive effects
@: lethally poisoned (-1 -> -21)
A: small, no large weapons, nightstalker 3
a: no special abilities


You were on level 3 of the Dungeon.
You visited 1 branch of the dungeon, and saw 3 of its levels.

You collected 42 gold pieces.

Inventory:

Hand Weapons
 a - a +1 dagger (weapon)
Missiles
 d - a curare-tipped dart (quivered)
Armour
 b - a +0 robe (worn)
Magical Staves
 e - a staff of poison
Scrolls
 h - a scroll of amnesia {unknown}
 i - 2 scrolls of fog {unknown}
 j - a scroll of enchant armour {unknown}
Potions
 c - a potion of invisibility
 f - a potion of brilliance
 g - a potion of curing {unknown}


   Skills:
 + Level 0.3 Fighting
 + Level 1.7 Short Blades
 - Level 2.4 Dodging
 * Level 7.0 Stealth
 - Level 2.1 Spellcasting
 - Level 3.0 Hexes


You had 7 spell levels left.
You didn't know any spells.
Your spell library contained the following spells:

 Spells                   Type           Power      Damage    Failure   Level
 Ensorcelled Hibernation  Hex/Ice        12%        N/A       17%         2
 Confusing Touch          Hex            11%        N/A       19%         3
 Tukima's Dance           Hex            11%        N/A       19%         3
 Dazzling Flash           Conj/Hex       12%        N/A       32%         3


Dungeon Overview and Level Annotations

Branches:
Dungeon (3/15)

Altars:


Innate Abilities, Weirdness & Mutations

You are small and have problems with some larger weapons.
You are completely attuned to the shadows.


Message History

A goblin is nearby!
The goblin shouts!
The goblin hits you but does no damage.
You are poisoned.
You hit the goblin but do no damage.
You feel sick.
You barely miss the goblin.
You feel sick. The goblin completely misses you.
You hit the goblin but do no damage.
You feel sick. The goblin misses you.
You hit the goblin but do no damage.
You feel sick. The goblin barely misses you.
You hit the goblin but do no damage. You hit the goblin but do no damage.
You feel sick.
The goblin hits you with a +0 dagger of venom.
You are more poisoned.
You hit the goblin.
The goblin is moderately wounded.
You feel very sick. The goblin misses you.
You hit the goblin but do no damage.
The goblin is moderately wounded.
You feel sick.
The goblin hits you with a +0 dagger of venom.
You are lethally poisoned!
You are too injured to fight recklessly!
You are too injured to fight recklessly!
Hit: a) +1 dagger
Press: ? - help, Dir - move target, f - goblin
Aim: a goblin, wielding a +0 dagger of venom and wearing a +0 ring mail (moderately wounded, about 39% to evade your +1 dagger)
You hit the goblin but do no damage.
The goblin is moderately wounded.
* * * LOW HITPOINT WARNING * * *
You feel very sick.
The goblin hits you with a +0 dagger of venom.
* * * LOW HITPOINT WARNING * * *
You are more poisoned.
Hit: a) +1 dagger
Press: ? - help, Dir - move target, f/p - goblin
Aim: a goblin, wielding a +0 dagger of venom and wearing a +0 ring mail (moderately wounded, about 39% to evade your +1 dagger)
You hit the goblin.
The goblin is heavily wounded.
You die...

. .. #.# #
...####### #.#.#
...[)....###.#.#
..)###.#.##.)..#
.. ###.#.......#
. ..........)#.#
.###...)...#g#
#..##)#.#@####
#..#..........
#.............
#.###...##.####
##.###.# #.# #.#
#.# #.# >.#


You could see a goblin.

Vanquished Creatures
  An orc wizard (D:3)
  An adder (D:2)
  2 dart slugs (D:1)
  4 orcs (D:3)
  A ball python (D:2)
  4 endoplasms
  2 giant cockroaches
  2 goblins
  3 hobgoblins
  2 jackals (D:1)
  A quokka (D:2)
  6 bats
  5 frilled lizards
  7 kobolds
  4 rats
45 creatures vanquished.

Notes
Turn   | Place    | Note
-------+----------+-------------------------------------------
     0 | D:1      | Danienth the Kobold Enchanter began the quest for the Orb.
     0 | D:1      | Reached XP level 1. HP: 10/10 MP: 3/3
   136 | D:1      | Reached XP level 2. HP: 15/15 MP: 5/5
   231 | D:1      | Reached skill level 5 in Stealth
   603 | D:1      | Reached XP level 3. HP: 19/19 MP: 6/6
   992 | D:2      | Reached skill level 6 in Stealth
  1376 | D:2      | Reached XP level 4. HP: 24/24 MP: 7/7
  1771 | D:3      | Reached skill level 7 in Stealth
  1891 | D:3      | Succumbed to a goblin's poison

Illustrated notes

Levels and vault maps discovered:
D:1:      amcnicky_arrival_gap_in_the_tavern_cellar, layout_loops_ring
D:2:      layout_rooms, serial_rivers, chequers_serial_rivers_marsh,
          chequers_serial_rivers_micro_d, chequers_serial_rivers_large_b,
          chequers_serial_rivers_small_a, chequers_serial_rivers_micro_b,
          minmay_misc_feat_doors, roderic_roman_lattice
D:3:      layout_loops_ring, uniq_sigmund

Skill      XL: |  1  2  3  4 |
---------------+-------------+-----
Stealth        | 5 6 7 |  7.0
Fighting       | |  0.3
Short Blades   | |  1.7
Dodging        | |  2.4
Spellcasting   | |  2.1
Hexes          | |  3.0

Action                     |  1- 3 |  4- 6 || total
---------------------------+-------+-------++-------
  Melee: Dagger            |    63 |    39 ||   102
  Throw: Dart              |       |     3 ||     3
    Use: Scroll            |     1 |       ||     1
         Potion            |       |     1 ||     1
   Stab: Sleeping          |    23 |     1 ||    24
         Invisible         |       |     1 ||     1
 Armour: Robe              |    20 |    17 ||    37
  Dodge: Dodged            |    25 |    27 ||    52

Table legend: (Time is in decaauts)
 A = Elapsed time spent in this place.
 B = Non-inter-level travel time spent in this place.
 C = Inter-level travel time spent in this place.
 D = Time resting spent in this place.
 E = Time spent auto-exploring this place.
 F = Levels seen in this place.
 G = Mean time per level.
                   A        B        C        D        E       F      G
               +--------+--------+--------+--------+--------+-----+--------+
         Total |   1936 |   1742 |    194 |    131 |   1321 |   3 |  645.3 |
       Dungeon |   1936 |   1742 |    194 |    131 |   1321 |   3 |  645.3 |
               +--------+--------+--------+--------+--------+-----+--------+

Top non-repeatable levels by time:
     D:1: 894 daAuts
     D:2: 838 daAuts
     D:3: 204 daAuts
